 Dungeon Crawl Stone Soup version 0.21.0 (webtiles) character file.

14 tidbits the Sneak (level 2, -4/11 HPs)
             Began as a Felid Air Elementalist on Jan 7, 2018.
             Slain by a centaur (5 damage)
             ... on level 3 of the Dungeon.
             The game lasted 00:02:19 (342 turns).

tidbits the Sneak (Felid Air Elementalist)           Turns: 342, Time: 00:02:19

Health: -4/11      AC:  1    Str:  4    XL:     2   Next: 27%
Magic:  6/6        EV: 18    Int: 16    God:
Gold:   74         SH:  0    Dex: 16    Spells: 4/5 levels left
                                        Lives:  0   Deaths: 0

rFire    . . .     SeeInvis +     - Unarmed
rCold    . . .     Gourm    .   (shield unavailable)
rNeg     . . .     Faith    .   (armour unavailable)
rPois    .         Spirit   .   (helmet unavailable)
rElec    .         Reflect  .   (cloak unavailable)
rCorr    .         Harm     .   (gloves unavailable)
MR       .....                  (boots unavailable)
Stlth    +++.......             (no amulet)
HPRegen  0.03/turn              (no ring)
MPRegen  0.10/turn              (no ring)

@: quick
A: very small, no armour, no weapons or thrown items, stealth, claws 1, fangs 3,
see invisible, carnivore, speed 1, shaggy fur 1, slow metabolism 1, sharp paws
a: no special abilities


You were on level 3 of the Dungeon.
You were not hungry.

You visited 1 branch of the dungeon, and saw 3 of its levels.

You collected 74 gold pieces.

Inventory:

Scrolls
 f - a scroll of blinking {unknown}
 g - a scroll of identify {unknown}
Potions
 e - a potion of curing {unknown}
Books
 a - a book of Air

   Spells                             Type                      Level
   a - Shock                          Conjuration/Air              1
   b - Swiftness                      Charms/Air                   2
   c - Static Discharge               Conjuration/Air              3
   d - Airstrike                      Air                          4
   e - Lightning Bolt                 Conjuration/Air              5
Comestibles
 b - a ration


   Skills:
 - Level 2.6 Dodging
 + Level 3.5 Stealth
 + Level 1.2 Unarmed Combat
 - Level 2.0 Spellcasting
 - Level 0.8 Conjurations
 - Level 2.6 Air Magic


You had 4 spell levels left.
You knew the following spells:

 Your Spells              Type           Power        Failure   Level  Hunger
a - Shock                 Conj/Air       #...         10%         1    #......


Dungeon Overview and Level Annotations

Branches:
Dungeon (3/15)

Altars:


Innate Abilities, Weirdness & Mutations

You cannot wear armour.
You are incapable of wielding weapons or throwing items.
Your paws allow you to move quietly. (Stealth)
You have sharp claws.
You have razor-sharp teeth.
You have supernaturally acute eyesight. (SInv)
You are carnivorous and can eat meat at any time.
You cover ground quickly.
You are covered in fur. (AC +1)
You have a slow metabolism.
Your sharp claws are effective at attacking unaware monsters.


Message History

You claw the frilled lizard!
You kill the frilled lizard!
You have reached level 2!
The bat misses you. The bat misses you.
You see here a frilled lizard corpse.
You miss the bat. The bat barely misses you.
The bat hits you but does no damage.
Casting: Shock
Confirm with . or Enter, or press ? or * to list all spells.
Aiming: Shock
Press: ? - help, Shift-Dir - straight line The zap misses the bat.
The zap hits the bat.
The bat is severely wounded.
The bat hits you but does no damage.
Casting: Shock
Confirm with . or Enter, or press ? or * to list all spells.
Aiming: Shock
Press: ? - help, Shift-Dir - straight line The zap hits the bat.
You kill the bat!
e - a fizzy pink potion You now have 34 gold pieces (gained 9).
You open the door. You open the door.
Found 9 gold pieces.
There is an open door here.
You now have 43 gold pieces (gained 9).
You open the door.
There is an open door here.
Found a scroll labeled TEOHAN IJESH.
A leopard gecko comes into view.
The leopard gecko hisses angrily.
Found a scroll labeled MUNAYR IVVUTH.
You see here a scroll labeled MUNAYR IVVUTH.
f - a scroll labeled MUNAYR IVVUTH An adder comes into view.
You see here a scroll labeled TEOHAN IJESH.
g - a scroll labeled TEOHAN IJESH
Casting: Shock
Confirm with . or Enter, or press ? or * to list all spells.
Aiming: Shock
Press: ? - help, Shift-Dir - straight line
Okay, then.
Casting: Shock
Confirm with . or Enter, or press ? or * to list all spells.
Aiming: Shock
Press: ? - help, Shift-Dir - straight line The zap hits the leopard gecko.
The leopard gecko is severely wounded.
The zap misses the leopard gecko.
The leopard gecko closely misses you.
Casting: Shock
Confirm with . or Enter, or press ? or * to list all spells.
Aiming: Shock
Press: ? - help, Shift-Dir - straight line The zap misses the leopard gecko.
The zap hits the leopard gecko.
You kill the leopard gecko!
A dart slug comes into view.
You pounce on the unaware helpless dart slug!
You claw the dart slug!
The dart slug is severely wounded.
You scratch the dart slug.
You kill the dart slug!
Unknown command.
An adder comes into view.
A worm comes into view.
There is an open door here.
You see here a spear.
You open the door.
There is an open door here.
Found 15 gold pieces and a long sword.
You now have 58 gold pieces (gained 15).
Found 9 gold pieces.
Magic restored.
You now have 67 gold pieces (gained 9).
You open the door.
Found 7 gold pieces.
There is an open door here.
You now have 74 gold pieces (gained 7).
Found a stone staircase leading down.
There is a stone staircase leading down here.
You climb downwards.
There is a stone staircase leading up here.
A centaur comes into view.
Found 12 gold pieces.
You pounce on the unaware helpless centaur!
You claw the centaur!
The centaur is moderately wounded.
The centaur hits you.
It was a potion of heal wounds.
You feel much better. The centaur barely misses you. The centaur hits you.
You scratch the centaur but do no damage.
The centaur is moderately wounded.
The centaur hits you.
* * * LOW HITPOINT WARNING * * *
It was a potion of cancellation.
You feel magically purged. The centaur hits you.
* * * LOW HITPOINT WARNING * * *
The centaur hits you.
You die...

##########
..........
.........#
.........#
.........#
.........#
......c..+
.....$.@.#
##+#####.# #.#
#.# #.# #.#
#.############
#...........<#
##############


You could see a centaur.

Vanquished Creatures
  2 dart slugs
  A leopard gecko (D:2)
  2 bats
  2 kobolds (D:1)
  A frilled lizard (D:2)
  A rat (D:1)
9 creatures vanquished.

Notes
Turn   | Place    | Note
-------+----------+-------------------------------------------
     0 | D:1      | tidbits the Felid Air Elementalist began the quest for the Orb.
     0 | D:1      | Reached XP level 1. HP: 7/7 MP: 4/4
   130 | D:1      | Reached skill level 3 in Stealth
   191 | D:1      | Reached skill level 1 in Unarmed Combat
   201 | D:2      | Reached XP level 2. HP: 11/11 MP: 1/6
   336 | D:3      | Noticed a centaur
   342 | D:3      | HP: 1/11 [centaur (4)]
   342 | D:3      | Slain by a centaur

Skill      XL: |  1 |
---------------+----+-----
Stealth        | 3 |  3.5
Unarmed Combat | 1 |  1.2
Dodging        | |  2.6
Spellcasting   | |  2.0
Conjurations   | |  0.8
Air Magic      | |  2.6

Action                   || total
-------------------------++-------
Melee: Unarmed           ||    10
 Cast: Shock             ||    10
  Use: Potion            ||     2
 Stab: Sleeping          ||     5
Armor: Skin              ||     2
Dodge: Dodged            ||     8

Table legend:
 A = Turns spent in this place as a percentage of turns spent in the entire game.
 B = Non-inter-level travel turns spent in this place as a percentage of non-inter-level travel turns spent in the entire game.
 C = Inter-level travel turns spent in this place as a percentage of turns spent in this place.
 D = Turns resting spent in this place as a percentage of non-inter-level travel turns spent in this place.
 E = Turns spent auto-exploring this place as a percentage of non-inter-level travel turns spent in this place.
 F = Non-inter-level travel turns spent in this place divided by the number of levels of this place that you've seen.
                   A       B       C       D       E      F
               +-------+-------+-------+-------+-------+----------------------
         Total | 100.0 | 100.0 |   0.0 |   0.0 |   0.0 | 114.0
       Dungeon | 100.0 | 100.0 |   0.0 |   0.0 |   0.0 | 114.0
               +-------+-------+-------+-------+-------+----------------------

Table legend:
 A = Kills in this place as a percentage of kills in entire the game.
 B = Kills by you in this place as a percentage of kills by you in the entire game.
 C = Kills by friends in this place as a percentage of kills by friends in the entire game.
 D = Other kills in this place as a percentage of other kills in the entire game.
 E = Experience gained in this place as a percentage of experience gained in the entire game.
 F = Experience gained in this place divided by the number of levels of this place that you have seen.
                   A       B       C       D       E      F
               +-------+-------+-------+-------+-------+----------------------
         Total | 100.0 | 100.0 |   N/A |   N/A | 100.0 |   6.7
       Dungeon | 100.0 | 100.0 |   N/A |   N/A | 100.0 |   6.7
               +-------+-------+-------+-------+-------+----------------------

Vault maps used:
D:1:      moated_graveyard_arrival
D:2:      uniq_crazy_yiuf_cottage
